 Dungeon Crawl Stone Soup version 0.28.0-47-ge53b351184 (webtiles) character file.

Game seed: 9996422088989717049

62388 Peloso the Fencer (level 14, -22/132 HPs)
             Began as a Minotaur Fighter on May 7, 2022.
             Was the Champion of Okawaru.
             Annihilated by a snapping turtle (59 damage)
             ... on level 6 of the Lair of Beasts.
             The game lasted 01:00:11 (23164 turns).

Peloso the Fencer (Minotaur Fighter)               Turns: 23164, Time: 01:00:12

Health: -22/132    AC: 23    Str: 29    XL:     14   Next: 64%
Magic:  14/14      EV:  2    Int:  9    God:    Okawaru [******]
Gold:   907        SH:  0    Dex: 16    Spells: 13/13 levels left

rFire   + . .      SeeInvis .   a - +4 double sword (flame)
rCold   . . .      Faith    .   t - +0 kite shield
rNeg    . . .      Spirit   .   Z - +5 chain mail of Xentum Beubo {Regen+}
rPois   +          Reflect  .   Y - +1 hat
rElec   .          Harm     .   r - +2 cloak
rCorr   .          Rampage  .   (no gloves)
Will    +....                   (no boots)
Stlth   ..........              R - amulet of Jask {rPois Regen+ Str+2 Dex+3}
HPRegen 1.92/turn               i - +4 ring of slaying
MPRegen 0.14/turn               P - ring of Ybbui {rF+ EV+4 Str+4 Int+4}

@: sleeping, mesmerised, very slow
A: horns 2, retaliatory headbutt
a: Renounce Religion, Heroism, Finesse, Duel


You were on level 6 of the Lair of Beasts.
You worshipped Okawaru.
Okawaru was exalted by your worship.
You visited 4 branches of the dungeon, and saw 21 of its levels.
You also visited: Gauntlet.

You collected 2183 gold pieces.
You spent 1276 gold pieces at shops.

Inventory:

Hand Weapons
 a - a +4 double sword of flaming (weapon)
 b - a +1 demon blade of venom
 c - the +9 spear of True Grit {flame, Int+8 Dex+3}
   (You took it off a spriggan on level 12 of the Dungeon)

   It burns those it strikes, dealing additional fire damage.
   Int:       It affects your intelligence (+8).
   Dex:       It affects your dexterity (+3).
 p - the +10 whip "Newt's Undoing" {freeze, Fly Will++ Int+4}
   (You found it on level 9 of the Dungeon)

   It freezes those it strikes, dealing additional cold damage.
   It can also slow down cold-blooded creatures.
   Int:       It affects your intelligence (+4).
   Fly:       It grants you flight.
   Will:      It greatly increases your willpower.
Armour
 r - a +2 cloak (worn)
 t - a +0 kite shield (worn)
 Y - a +1 hat (worn)
 Z - the +5 chain mail of Xentum Beubo (worn) {Regen+}
   (You found it on level 12 of the Dungeon)

   Regen:     It increases your rate of health regeneration.
Jewellery
 e - a ring of protection from fire
 f - a +6 ring of dexterity
 i - a +4 ring of slaying (left hand)
 j - the amulet of the Four Winds {rN+ Will+++ Clar}
   (You bought it in a shop on level 2 of the Orcish Mines)

   [amulet of nothing]

   rN:        It protects you from negative energy.
   Clar:      It protects you against confusion.
   Will:      It greatly increases your willpower.
 k - a ring of flight
 q - the amulet "Umuqesuw" {Spirit rPois Str+4}
   (You found it on level 5 of the Lair of Beasts)

   [amulet of guardian spirit]

   It causes incoming damage to be divided between your reserves of health and
   magic.
   Str:       It affects your strength (+4).
   rPois:     It protects you from poison.
 u - a ring of willpower
 v - a +6 ring of strength
 B - a ring of positive energy
 I - a ring of resist corrosion
 P - the ring of Ybbui (right hand) {rF+ EV+4 Str+4 Int+4}
   (You found it in a Gauntlet)

   [ring of evasion]

   EV:        It affects your evasion (+4).
   Str:       It affects your strength (+4).
   Int:       It affects your intelligence (+4).
   rF:        It protects you from fire.
 Q - the ring "Yskookh" {Wiz rF+ MP+9 Dex+3}
   (You found it in a Gauntlet)

   [ring of wizardry]

   It improves your spell success rate.
   Dex:       It affects your dexterity (+3).
   rF:        It protects you from fire.
   MP:        It affects your magic capacity (+9).
 R - the amulet of Jask (around neck) {rPois Regen+ Str+2 Dex+3}
   (You bought it in a shop on level 9 of the Dungeon)

   [amulet of regeneration]

   Str:       It affects your strength (+2).
   Dex:       It affects your dexterity (+3).
   rPois:     It protects you from poison.
   Regen:     It increases your rate of health regeneration.
 W - a ring of ice
Wands
 h - a wand of iceblast (8)
Scrolls
 g - 2 scrolls of magic mapping
 l - 2 scrolls of identify
 n - 2 scrolls of immolation
 y - a scroll of noise
 D - 4 scrolls of blinking
 E - 4 scrolls of teleportation
Potions
 d - 3 potions of might
 m - 5 potions of heal wounds
 o - 6 potions of haste
 s - a potion of cancellation
 z - 4 potions of curing
 N - 2 potions of mutation
 U - 2 potions of berserk rage


   Skills:
 + Level 14.1 Fighting
 + Level 17.0 Long Blades
 + Level 4.6 Maces & Flails
 + Level 14.8 Armour
 + Level 4.9 Dodging
 + Level 2.7 Stealth
 + Level 14.6 Shields
 + Level 2.5 Invocations
 + Level 2.9 Evocations


You had 13 spell levels left.
You didn't know any spells.
Your spell library contained the following spells:

 Spells                   Type           Power      Damage    Failure   Level
 Freeze                   Ice            0%         1d3       94%         1
 Pain                     Necr           0%         1d4       94%         1
 Conjure Flame            Conj/Fire      0%         6-21      100%        3
 Frozen Ramparts          Ice            0%         1d2       100%        3
 Ignite Poison            Fire/Tmut/Pois 0%         N/A       100%        3
 Stone Arrow              Conj/Erth      0%         3d7       100%        3
 Hailstorm                Conj/Ice       0%         3d3       100%        4
 Ice Form                 Ice/Tmut       0%         N/A       100%        4
 Leda's Liquefaction      Hex/Erth       0%         N/A       100%        4
 Olgreb's Toxic Radiance  Pois           0%         N/A       100%        4
 Sticky Flame             Conj/Fire      0%         2d3       100%        4
 Agony                    Necr           0%         N/A       100%        5
 Excruciating Wounds      Necr           0%         N/A       100%        5
 Lee's Rapid Deconstruct  Erth           0%         3d5*      100%        5
 Statue Form              Tmut/Erth      0%         N/A       100%        6
 Ozocubu's Refrigeration  Ice            0%         4d5       100%        7
 Ignition                 Fire           0%         3d3       100%        8
 Lehudib's Crystal Spear  Conj/Erth      0%         10d2      100%        8
 Animate Armour           Summ/Erth      Unusable   N/A       N/A         4
 Simulacrum               Ice/Necr       Unusable   N/A       N/A         6

Dungeon Overview and Level Annotations

Branches:
Dungeon (12/15)            Temple (1/1) D:7            Lair (6/6) D:10
 Shoals (0/4) Lair:2       Spider (0/4) Lair:3        Slime (0/5) Lair:6
    Orc (2/2) D:12            Elf (0/3) Orc:2       Gauntlet (visited)

Altars:
Ashenzari
Hepliaklqana
Makhleb
Okawaru
Qazlal
Ru
Sif Muna
Trog
Xom
Yredelemnul
The Shining One
Beogh
Jiyva

Shops:
D:1 ?   D:9 =   D:11 =   Orc:2 ?(=:

Annotations:
D:11 2 transporters, poisonrat88's ghost, journeyman MiBe
D:12 Casa


Innate Abilities, Weirdness & Mutations

You have a pair of horns on your head.
You reflexively headbutt those who attack you in melee.


Message History

The snapping turtle bites you but does no damage.
The merfolk avatar chants its luring song.
The snapping turtle bites you but does no damage.
Unknown command.
Your unstable footing causes you to fumble your attack.
The dream sheep bites you.
* * * LOW HITPOINT WARNING * * *
You block the snapping turtle's attack.
Unknown command.
You slash the merfolk avatar! You burn the merfolk avatar.
You headbutt the merfolk avatar!
The merfolk avatar is severely wounded.
The merfolk avatar chants its luring song.
You block the snapping turtle's attack. You block the dream sheep's attack.
Unknown command.
You barely miss the merfolk avatar. You headbutt the merfolk avatar!
The merfolk avatar is almost dead.
The merfolk avatar chants its luring song.
You block the snapping turtle's attack.
The snapping turtle bites you from afar!!
* * * LOW HITPOINT WARNING * * *
The dream sheep bites you but does no damage.
Okay, then.
Unknown command.
Unknown command.
You feel much better.
The merfolk avatar chants its luring song.
The snapping turtle barely misses you. The snapping turtle closely misses you.
The dream sheep misses you.
You feel much better. You block the dream sheep's attack.
The snapping turtle bites you from afar!
* * * LOW HITPOINT WARNING * * *
You block the snapping turtle's attack. The dream sheep bites you.
* * * LOW HITPOINT WARNING * * *
Unknown command.
The merfolk avatar chants its luring song.
The dream sheep shake their wool and sparkle.
You feel drowsy...
You fall asleep.
The snapping turtle bites you from afar!!!
You die...

P≈≈.≈≈≈≈ ≈≈#≈≈
.≈.≈≈≈≈≈≈≈ ######
≈≈≈≈⌠# ≈8≈≈≈# ≈#≈
####≈#≈≈. ≈..
#}!!(≈≈≈≈ #≈≈
#!≈≈)# #≈≈.#@m≈$# ≈
#≈≈≈#YY![#≈≈≈≈
#.≈≈#t†.##.≈≈#
#≈.≈8t≈Y≈.≈≈≈#
#⌠≈≈≈≈≈≈≈≈≈≈⌠# ≈ .
#####≈≈≈.##### #
.≈≈≈ #8≈≈≈≈≈≈≈≈≈≈≈#
#
#≈≈≈#≈#Y†[≈.≈≈≈#≈#
.
≈##≈≈≈≈Y[≈≈≈≈≈≈≈≈≈#


You could see a merfolk avatar (mesmerising), 2 snapping turtles and 3 dream
sheep.

Vanquished Creatures
  The ghost of Peloso the Protected, a journeyman MiFi of Okawaru (D:12)
  Nessos (D:12)
  A minotaur (Gauntlet)
  Snorg (D:12)
  10 hydras
  Erolcha (D:9)
  2 boulder beetles
  A catoblepas (Lair:5)
  The ghost of 101zpm the Eclecticist, a journeyman DEIE of Makhleb (Orc:2)
  2 centaur warriors (D:8)
  3 two-headed ogres
  A death scarab (Gauntlet)
  An orc high priest (Orc:2)
  4 orc knights
  A cyclops (D:8)
  A necromancer (Lair:4)
  A deep elf pyromancer (D:12)
  A wolf spider (Lair:6)
  An ugly thing (D:12)
  2 manticores
  4 orc sorcerers (Orc:2)
  4 oklob plants (Lair:5)
  An apocalypse crab (Gauntlet)
  6 black mambas
  6 elephants
  Maggie (Lair:2)
  A torpor snail (Lair:5)
  A rime drake (shapeshifter) (D:8)
  11 cane toads
  12 rime drakes
  2 minotaur zombies (Gauntlet)
  9 komodo dragons
  An unseen horror (D:10)
  A demonic crawler (Lair:3)
  A polar bear (D:12)
  A troll (Orc:2)
  A hornet (D:12)
  2 wind drakes (Lair:6)
  11 blink frogs
  Prince Ribbit (Lair:1)
  A snapping turtle (Lair:2)
  4 dream sheep
  2 centaur simulacra (Gauntlet)
  A spectral black mamba (Gauntlet)
  A shadow (D:11)
  2 spriggans (D:12)
  10 wyverns
  19 yaks
  Sigmund (D:2)
  3 wraiths
  A vampire (D:12)
  3 steam dragons
  4 basilisks
  Menkaure (D:5)
  4 wargs
  An acid dragon (D:11)
  A harpy simulacrum (D:12)
  A hell hound (Lair:5)
  13 water moccasins
  24 orc warriors
  A sky beast (D:8)
  A black bear (D:12)
  3 necrophages
  2 ice beasts
  5 ogres
  13 wolves
  5 centaurs
  3 kobold brigands
  14 bullfrogs
  A wyvern zombie (D:8)
  4 scorpions
  A hornet simulacrum (Gauntlet)
  3 water moccasin skeletons
  A killer bee (D:8)
  7 wights
  An electric eel (Lair:2)
  4 howler monkeys
  2 vampire bats (Lair:5)
  4 centaur zombies
  3 jellies
  A bullfrog zombie (D:5)
  2 hounds
  24 orc priests
  2 bullfrog skeletons (D:4)
  2 centaur skeletons
  Jessica (D:2)
  Terence (D:2)
  4 iguanas (D:6)
  37 orc wizards
  11 hell rats (Lair:5)
  3 yak simulacra (Lair:4)
  2 polar bear simulacra (Lair:4)
  3 wolf simulacra (Lair:4)
  14 gnolls
  3 howler monkey zombies
  7 adders
  An ufetubus (D:6)
  4 dart slugs
  80 orcs
  11 bats
  3 endoplasms
  9 giant cockroaches
  6 goblins
  4 hobgoblins
  8 jackals
  14 kobolds
  5 quokkas
  12 ball pythons
  7 frilled lizards
  8 rats
  3 river rat simulacra (Lair:4)
581 creatures vanquished.

Vanquished Creatures (others)
  A dream sheep (Lair:6)
  A steam dragon (Lair:6)
  18 fungi
  64 plants
  A withered plant (Gauntlet)
85 creatures vanquished.

Grand Total: 666 creatures vanquished

Notes
Turn   | Place    | Note
-------+----------+-------------------------------------------
     0 | D:1      | Peloso the Minotaur Fighter began the quest for the Orb.
     0 | D:1      | Reached XP level 1. HP: 19/19 MP: 0/0
   187 | D:1      | Reached XP level 2. HP: 27/27 MP: 1/1
   317 | D:1      | Found Cughin's Magic Scroll Shop.
   589 | D:1      | Reached XP level 3. HP: 31/33 MP: 2/2
   919 | D:1      | Found a faded altar of an unknown god.
  1022 | D:1      | Bought a scroll of magic mapping for 42 gold pieces
  1142 | D:2      | Reached skill level 3 in Long Blades
  1367 | D:2      | Identified the +0 leather armour of Bed Zekh {Regen+}
  1391 | D:2      | Noticed Sigmund
  1396 | D:2      | Killed Sigmund
  1397 | D:2      | Reached skill level 4 in Long Blades
  1397 | D:2      | Reached skill level 5 in Armour
  1397 | D:2      | Reached skill level 1 in Dodging
  1397 | D:2      | Reached XP level 4. HP: 40/41 MP: 3/3
  1397 | D:2      | Reached XP level 5. HP: 46/47 MP: 4/4
  1500 | D:2      | Noticed Jessica
  1501 | D:2      | Killed Jessica
  1571 | D:2      | Noticed Terence
  1576 | D:2      | Killed Terence
  1577 | D:2      | Reached skill level 5 in Long Blades
  1577 | D:2      | Reached XP level 6. HP: 51/53 MP: 5/5
  2166 | D:3      | You fall into a shaft and drop 3 floors!
  2429 | D:6      | Reached skill level 6 in Long Blades
  2563 | D:5      | Entered Level 5 of the Dungeon
  2563 | D:5      | Noticed a steam dragon
  2571 | D:6      | Reached XP level 7. HP: 46/60 MP: 6/6
  2652 | D:5      | Killed a steam dragon
  2653 | D:5      | Reached skill level 5 in Fighting
  2653 | D:5      | Reached skill level 7 in Long Blades
  2947 | D:5      | Noticed Menkaure
  2953 | D:5      | Killed Menkaure
  4061 | D:4      | Reached XP level 8. HP: 59/70 MP: 7/7
  4179 | D:4      | Reached skill level 8 in Long Blades
  4868 | D:5      | Reached skill level 9 in Long Blades
  5050 | D:5      | Reached skill level 5 in Shields
  5312 | D:5      | Reached skill level 10 in Long Blades
  5314 | D:5      | Found a hazy altar of Hepliaklqana.
  5557 | D:6      | Reached XP level 9. HP: 67/79 MP: 8/8
  5765 | D:6      | Found a shimmering altar of Xom.
  6344 | D:6      | Found a shimmering blue altar of Sif Muna.
  6347 | D:6      | Found a sacrificial altar of Ru.
  6580 | D:7      | Noticed a komodo dragon
  6594 | D:7      | Killed a komodo dragon
  6991 | D:7      | Found a staircase to the Ecumenical Temple.
  7014 | D:7      | Noticed a manticore
  7035 | D:7      | Killed a manticore
  7225 | D:7      | Reached skill level 11 in Long Blades
  7243 | Temple   | Entered the Ecumenical Temple
  7266 | Temple   | Became a worshipper of Warmaster Okawaru
  7839 | D:8      | Found a large runed translucent door.
  7842 | D:8      | Found a large runed translucent door.
  7847 | D:8      | Noticed a cyclops
  7847 | D:8      | Noticed a centaur warrior
  7856 | D:8      | Found a large runed translucent door.
  7856 | D:8      | Found a large runed translucent door.
  7924 | D:8      | Noticed a two-headed ogre
  7928 | D:8      | Killed a two-headed ogre
  8087 | D:8      | Reached XP level 10. HP: 84/89 MP: 9/9
  8175 | D:8      | Reached * piety under Okawaru
  8312 | D:8      | Noticed a boulder beetle
  8338 | D:8      | Killed a boulder beetle
  8339 | D:8      | Reached skill level 12 in Long Blades
  8339 | D:8      | Reached skill level 1 in Stealth
  8743 | D:8      | Noticed a centaur warrior
  8754 | D:8      | Killed a centaur warrior
  9100 | D:8      | Reached ** piety under Okawaru
  9385 | D:8      | Killed a cyclops
  9386 | D:8      | Reached skill level 13 in Long Blades
  9386 | D:8      | Reached skill level 1 in Evocations
  9390 | D:8      | Killed a centaur warrior
  9391 | D:8      | Reached skill level 10 in Armour
  9397 | D:8      | Identified the ring "Citteibe" {rF+ Int+6}
  9405 | D:8      | Identified the +3 plate armour "Yleizi" {-Tele rPois Dex+5}
  9573 | D:9      | Noticed Erolcha
  9582 | D:9      | Killed Erolcha
  9582 | D:9      | Reached *** piety under Okawaru
  9583 | D:9      | Reached XP level 11. HP: 97/97 MP: 10/10
 10023 | D:9      | Found Pirunicu's Jewellery Boutique.
 10109 | D:9      | Reached **** piety under Okawaru
 10296 | D:9      | Found a burning altar of Makhleb.
 10302 | D:9      | Identified the +10 whip "Newt's Undoing" {freeze, Fly
                  | Will++ Int+4}
 10716 | D:10     | Entered Level 10 of the Dungeon
 10918 | D:10     | Reached skill level 1 in Maces & Flails
 11353 | D:10     | Found a staircase to the Lair.
 11864 | D:10     | Found a stormy altar of Qazlal.
 11907 | D:11     | Found Riclag's Jewellery Boutique.
 11979 | D:11     | Noticed a two-headed ogre
 12060 | D:11     | Killed a two-headed ogre
 12261 | D:11     | Noticed a tengu warrior
 12262 | D:11     | Noticed poisonrat88's ghost (journeyman MiBe)
 12267 | D:11     | Found a bloodstained altar of Trog.
 12270 | D:11     | Found a transporter.
 12273 | D:11     | Found a transporter.
 12294 | D:11     | Noticed a two-headed ogre
 12611 | Lair:1   | Entered Level 1 of the Lair of Beasts
 12672 | Lair:1   | Reached skill level 10 in Fighting
 12897 | Lair:1   | Reached ***** piety under Okawaru
 13110 | Lair:1   | Noticed a five-headed hydra
 13125 | Lair:1   | Killed a five-headed hydra
 13126 | Lair:1   | Reached skill level 14 in Long Blades
 13406 | Lair:1   | Noticed Prince Ribbit
 13429 | Lair:1   | Killed Prince Ribbit
 13924 | Lair:2   | Reached XP level 12. HP: 106/106 MP: 11/11
 14206 | Lair:2   | Received a gift from Okawaru
 14234 | Lair:2   | Noticed Maggie
 14241 | Lair:2   | Killed Maggie
 14294 | Lair:2   | Found a staircase to the Shoals.
 14465 | Lair:2   | Reached skill level 1 in Invocations
 15021 | D:9      | Bought the amulet of Jask {rPois Regen+ Str+2 Dex+3} for
                  | 620 gold pieces
 15094 | D:12     | Reached skill level 10 in Shields
 15134 | D:12     | Noticed a two-headed ogre
 15135 | D:12     | Noticed a four-headed hydra
 15137 | D:12     | Killed a two-headed ogre
 15137 | D:12     | Reached ****** piety under Okawaru
 15137 | D:12     | Identified the +4 morningstar of Somewhere Else {venom,
                  | Drain rPois rC+ Int+3} (Okawaru gifted it to you on level
                  | 12 of the Dungeon)
 15137 | D:12     | Received a gift from Okawaru
 15236 | Lair:3   | Found a shimmering altar of Xom.
 15252 | Lair:3   | Found a gate leading to a gauntlet.
 15297 | Lair:3   | Reached skill level 15 in Long Blades
 15309 | Gauntlet | Entered a Gauntlet
 15309 | Gauntlet | Found a transporter.
 15309 | Gauntlet | Found a transporter.
 15309 | Gauntlet | Found a runed translucent door.
 15310 | Gauntlet | Found a runed translucent door.
 15312 | Gauntlet | Noticed a death scarab
 15323 | Gauntlet | Found a transporter.
 15340 | Gauntlet | Found a transporter.
 15340 | Gauntlet | Found a transporter.
 15342 | Gauntlet | Found a transporter.
 15345 | Gauntlet | Found a transporter.
 15345 | Gauntlet | Found a transporter.
 15347 | Gauntlet | Noticed a death scarab
 15349 | Gauntlet | Noticed a death scarab
 15357 | Gauntlet | Found a runed translucent gate.
 15357 | Gauntlet | Found a runed translucent gate.
 15357 | Gauntlet | Found a runed translucent gate.
 15359 | Gauntlet | Found a transporter.
 15375 | Gauntlet | Found a transporter.
 15399 | Gauntlet | Found a transporter.
 15403 | Gauntlet | Found a transporter.
 15449 | Gauntlet | Found a transporter.
 15458 | Gauntlet | Noticed a tengu warrior
 15463 | Gauntlet | Found a transporter.
 15591 | Gauntlet | Killed a death scarab
 15665 | Gauntlet | Identified the ring of Ybbui {rF+ EV+4 Str+4 Int+4}
 15667 | Gauntlet | Identified the ring "Yskookh" {Wiz rF+ MP+9 Dex+3}
 15687 | Gauntlet | Noticed a minotaur
 15698 | Gauntlet | Killed a minotaur
 15850 | Lair:3   | Identified the +10 mace "Qyapp" {freeze, rC++}
 15859 | Lair:3   | Noticed an eight-headed hydra
 15867 | Lair:3   | Noticed a five-headed hydra
 15869 | Lair:3   | Killed an eight-headed hydra
 15971 | D:12     | Killed an eight-headed hydra
 16074 | D:12     | Found a runed translucent door.
 16077 | D:12     | Noticed Peloso's ghost (journeyman MiFi)
 16077 | D:12     | Identified the +9 spear of True Grit {flame, Int+8 Dex+3}
 16140 | D:12     | Noticed Nessos
 16150 | D:12     | Killed Nessos
 16150 | D:12     | Identified the +2 cloak of Kleptomania {Harm Int+4}
                  | (Okawaru gifted it to you on level 12 of the Dungeon)
 16150 | D:12     | Received a gift from Okawaru
 16151 | D:12     | Reached XP level 13. HP: 116/116 MP: 13/13
 16362 | D:12     | Noticed Snorg
 16389 | D:12     | Killed Snorg
 16758 | D:12     | Found a staircase to the Orcish Mines.
 16874 | Orc:1    | Entered Level 1 of the Orcish Mines
 16982 | Orc:1    | Found a runed translucent door.
 17988 | Lair:3   | Found a hole to the Spider Nest.
 18741 | D:12     | Killed Peloso's ghost
 18874 | D:12     | Identified the +5 chain mail of Xentum Beubo {Regen+}
 19441 | Orc:2    | Entered Level 2 of the Orcish Mines
 19560 | Orc:2    | Paralysed by an orc sorcerer for 2 turns
 19675 | Orc:2    | Found Etimadut's Antique Weapon Emporium.
 19675 | Orc:2    | Found Basog's Book Shoppe.
 19675 | Orc:2    | Found Masujaim's Jewellery Shoppe.
 19678 | Orc:2    | Found Ixzarph's Magic Scroll Emporium.
 19683 | Orc:2    | Bought 3 scrolls of identify for 66 gold pieces
 19710 | Orc:2    | Bought the amulet of the Four Winds {rN+ Will+++ Clar} for
                  | 526 gold pieces
 19710 | Orc:2    | Found the amulet of the Four Winds {rN+ Will+++ Clar}
 19736 | Orc:2    | Bought a scroll of identify for 22 gold pieces
 19764 | Orc:2    | Noticed 101zpm's ghost (journeyman DEIE)
 19810 | Orc:2    | Reached skill level 16 in Long Blades
 19925 | Orc:2    | Found a staircase to the Elven Halls.
 19972 | Orc:2    | Found a transporter.
 19989 | Orc:2    | Found a transporter.
 20416 | Orc:2    | Killed 101zpm's ghost
 21902 | Lair:5   | Received a gift from Okawaru
 21903 | Lair:5   | Reached XP level 14. HP: 116/129 MP: 14/14
 22004 | Lair:5   | Identified the amulet "Umuqesuw" {Spirit rPois Str+4}
 22504 | Lair:6   | Entered Level 6 of the Lair of Beasts
 22549 | Lair:5   | Received a gift from Okawaru
 22717 | Lair:6   | Found a viscous altar of Jiyva.
 22717 | Lair:6   | Found a staircase to the Slime Pits.
 23139 | Lair:6   | Reached skill level 17 in Long Blades
 23143 | Lair:6   | HP: 4/132 [snapping turtle (17)]
 23148 | Lair:6   | HP: 3/132 [snapping turtle (11)]
 23155 | Lair:6   | Identified the +9 eveningstar of Annihilation {protect,
                  | *Corrode rPois Int+5 Dex+2} (Okawaru gifted it to you on
                  | level 6 of the Lair of Beasts)
 23155 | Lair:6   | Received a gift from Okawaru
 23164 | Lair:6   | Annihilated by a snapping turtle

Illustrated notes

Levels and vault maps discovered:
D:1:      lightli_arrival_lavapool, layout_loops_ring, serial_shops,
          nicolae_shop_advertising_works [nicolae_subvault_shop_adworks],
          shapermc_ecumenical_altar_petra, minmay_misc_feat_iff
D:2:      layout_loops_ring, uniq_terence, uniq_jessica, uniq_sigmund
D:3:      layout_loops_corners, nrook_loot_triangle, lexackson_kobold_supper
D:4:      layout_loops_ring
D:5:      layout_rooms, amcnicky_altar_gilded, corexii_checkpoint_a,
          st_stairs_4, uniq_menkaure
D:6:      layout_basic, grunt_temple_overflow_diamond, serial_bayou_pond_d,
          hangedman_decor_growths, kennysheep_generic_room_14
D:7:      layout_cave_pools, minmay_temple_entry_glassed_door,
          kennysheep_generic_room_13
D:8:      layout_layer_cave, minmay_hollow_rounded_squares
D:9:      layout_loops_ring, bloody_makhleb, serial_shops,
          nicolae_take_the_stairs, serial_bayou_pond_c, minmay_circle_x,
          uniq_erolcha
D:10:     layout_loops_corners, lemuel_crystal_altar, lair_entry_dummy
D:11:     layout_cave_pools, gammafunk_ghost_wrathful_warriors, serial_shops,
          nicolae_stop_n_shop_2, corexii_hall_statues_s
D:12:     layout_long_grid, hiddenorc1_lemuel, ebering_ghost_funeral_grove,
          uniq_snorg, uniq_nessos
Temple:   eino_temple_scatter_basement
Lair:1:   layout_loops_ring, uniq_prince_ribbit2
Lair:2:   layout_loops_ring, minmay_shoals_entry_hut, uniq_maggie
Lair:3:   layout_small_grid, nicolae_spider_entry_non_spiders, basic_altar,
          gauntlet_entry_generic, beast_lair_carwin_7
Lair:4:   layout_layer_cave, eino_house_with_fridge
Lair:5:   minmay_lair_oklob_chamber, layout_loops_ring, special_room
          [special_room_mythical_zoo], roderic_batcave
Lair:6:   gammafunk_lair_ancient_temple, layout_loops_ring, slime_altar_1,
          nicolae_lair_run_with_the_wolves
Orc:1:    layout_caves, nicolae_orc_stony_grotto, lightli_church_of_beogh
Orc:2:    st_orc_mages, layout_caves, gammafunk_ghost_arena

Skill      XL: |  1  2  3  4  5  6  7  8  9 10 11 12 13 14 |
---------------+-------------------------------------------+-----
Armour         | 4 5 6 7 8 10 12 13 14 | 14.8
Fighting       | 4 5 7 8 9 10 11 13 14 | 14.1
Shields        | 4 5 6 8 9 11 13 14 | 14.6
Long Blades    | 4 5 6 7 10 11 13 14 15 16 17 | 17.0
Dodging        | 1 2 3 4 |  4.9
Stealth        | 2 |  2.7
Evocations     | 1 2 |  2.9
Maces & Flails | 4 |  4.6
Invocations    | 1 2 |  2.5

Action                   |  1- 3 |  4- 6 |  7- 9 | 10-12 | 13-15 || total
-------------------------+-------+-------+-------+-------+-------++-------
Melee: Long sword        |    82 |    43 |   277 |   174 |       ||   576
       Headbutt          |     8 |    12 |    63 |   118 |   163 ||   364
       Whip              |       |       |       |    70 |       ||    70
       Demon blade       |       |       |       |   231 |   442 ||   673
       Double sword      |       |       |       |       |   263 ||   263
Invok: Heroism           |       |       |       |    10 |    14 ||    24
Evoke: Wand              |       |       |       |    28 |    12 ||    40
  Use: Scroll            |       |       |       |    19 |    14 ||    33
       Potion            |       |       |       |     1 |     6 ||     7
 Stab: Paralysed         |       |       |       |     8 |       ||     8
Armor: Scale mail        |    45 |       |       |       |       ||    45
       Chain mail        |       |    26 |   132 |    69 |   239 ||   466
       Plate armour      |       |       |       |   161 |    61 ||   222
Dodge: Dodged            |    47 |    11 |    83 |   134 |   341 ||   616
Block: Buckler           |    23 |     6 |    39 |       |       ||    68
       Kite shield       |       |       |    81 |   248 |   508 ||   837
